 Dungeon Crawl Stone Soup version 0.27.1 (webtiles) character file.

Game seed: 12582531520447308909

78 DoubleLucky the Ruffian (level 4, -1/36 HPs)
             Began as a Draconian Transmuter on Aug 29, 2021.
             Slain by a gnoll (2 damage)
             ... on level 3 of the Dungeon.
             The game lasted 00:10:37 (2174 turns).

DoubleLucky the Ruffian (Draconian Transmuter)      Turns: 2174, Time: 00:10:37

Health: -1/36      AC:  6    Str: 14    XL:     4   Next: 15%
Magic:  7/8        EV: 12    Int: 13    God:
Gold:   41         SH:  0    Dex: 11    Spells: 6/9 levels left

rFire    . . .     SeeInvis .     - Unarmed
rCold    . . .     Faith    .   (no shield)
rNeg     . . .     Spirit   .   (armour unavailable)
rPois    .         Reflect  .   (helmet restricted)
rElec    .         Harm     .   a - +0 cloak
rCorr    +         Rampage  .   (no gloves)
Will     .....                  (no boots)
Stlth    +.........             (no amulet)
HPRegen  0.12/turn              f - ring of resist corrosion
MPRegen  0.11/turn              (no ring)

@: no status effects
A: AC +5, unfitting armour, cold-blooded
a: no special abilities


You were on level 3 of the Dungeon.
You visited 1 branch of the dungeon, and saw 3 of its levels.

You collected 41 gold pieces.

Inventory:

Hand Weapons
 g - a +2 dagger of electrocution
Missiles
 b - 57 stones (quivered)
 e - 6 boomerangs
Armour
 a - a +0 cloak (worn)
Jewellery
 f - a ring of resist corrosion (left hand)
Scrolls
 d - 3 scrolls of identify {unknown}
 h - a scroll of noise {unknown}
 j - 2 scrolls of magic mapping {unknown}
Potions
 c - 2 potions of heal wounds {unknown}
 i - a potion of invisibility {unknown}
 k - 3 potions of curing {unknown}
 l - a potion of haste {unknown}


   Skills:
 + Level 1.8 Fighting
 - Level 1.7 Dodging
 + Level 3.3 Unarmed Combat
 - Level 3.0 Spellcasting
 + Level 3.1 Transmutations


You had 6 spell levels left.
You knew the following spells:

 Your Spells              Type           Power      Damage    Failure   Level
a - Beastly Appendage     Tmut           20%        N/A       6%          1
b - Wereblood             Tmut           10%        N/A       10%         2

Your spell library contained the following spells:

 Spells                   Type           Power      Damage    Failure   Level
 Spider Form              Tmut/Pois      3%         N/A       36%         3
 Ice Form                 Ice/Tmut       6%         N/A       77%         4


Dungeon Overview and Level Annotations

Branches:
Dungeon (3/15)

Altars:
Zin


Innate Abilities, Weirdness & Mutations

Your plain brown scales are hard. (AC +5)
You cannot fit into any form of body armour.
You are cold-blooded and may be slowed by cold attacks.


Message History

The gnoll is lightly wounded.
The gnoll hits you from afar with a +0 spear.
The gnoll closely misses you. The gnoll completely misses you.
You barely miss the gnoll.
The gnoll is lightly wounded.
The gnoll closely misses you. The gnoll hits you but does no damage.
The gnoll hits you with a +0 club.
You hit the gnoll but do no damage. You claw the gnoll, but do no damage.
Your headbutt misses the gnoll.
The gnoll is lightly wounded.
The gnoll completely misses you. The gnoll closely misses you. x2
You hit the gnoll but do no damage. You claw the gnoll.
You tail-slap the gnoll, but do no damage.
The gnoll is severely wounded.
The gnoll hits you from afar with a +0 spear.
* * * LOW HITPOINT WARNING * * *
The gnoll misses you. The gnoll closely misses you.
You hit the gnoll.
You kill the gnoll!
The gnoll hits you from afar with a +0 spear.
* * * LOW HITPOINT WARNING * * *
The gnoll barely misses you.
Training target 3.0 for Spellcasting reached!
Your Spellcasting skill increases to level 3!
You hit the gnoll but do no damage. The gnoll misses you.
The gnoll closely misses you.
You hit the gnoll. You claw the gnoll.
Your tail-slap misses the gnoll.
The gnoll is moderately wounded.
The gnoll hits you from afar with a +0 spear.
* * * LOW HITPOINT WARNING * * *
The gnoll hits you with a +0 club.
* * * LOW HITPOINT WARNING * * *
You hit the gnoll. You claw the gnoll.
The gnoll is almost dead.
Your horns disappear.
Your talons disappear.
The gnoll closely misses you. x2
You hit the gnoll.
You kill the gnoll!
The gnoll hits you from afar with a +0 spear.
You die...

.# ##.## ## #...
... ##########..
..## .........#.#
.....
.........#.#......
.........g.......#
.......).#.#.#....
#####.@)..#(# ##
#####..... #.##.#
#.# .. #.. .. ###


You could see a gnoll.

Vanquished Creatures
  2 gnolls (D:3)
  2 adders (D:2)
  A worm (D:2)
  2 dart slugs (D:1)
  2 bats
  6 endoplasms
  4 giant cockroaches (D:1)
  5 goblins
  5 hobgoblins
  6 kobolds
  A quokka (D:2)
  2 ball pythons (D:1)
  5 rats
43 creatures vanquished.

Vanquished Creatures (others)
  4 toadstools (D:1)
4 creatures vanquished.

Grand Total: 47 creatures vanquished

Notes
Turn   | Place    | Note
-------+----------+-------------------------------------------
     0 | D:1      | DoubleLucky the Draconian Transmuter began the quest for
                  | the Orb.
     0 | D:1      | Reached XP level 1. HP: 16/16 MP: 3/3
   118 | D:1      | Found a faded altar of an unknown god.
   170 | D:1      | Reached XP level 2. HP: 23/23 MP: 5/5
   177 | D:1      | Learned a level 2 spell: Wereblood
   899 | D:1      | Reached XP level 3. HP: 28/28 MP: 7/7
  1472 | D:2      | Found a glowing silver altar of Zin.
  2165 | D:3      | Reached XP level 4. HP: 26/36 MP: 6/8
  2172 | D:3      | HP: 1/36 [gnoll (5)]
  2174 | D:3      | Slain by a gnoll

Illustrated notes

Levels and vault maps discovered:
D:1:      ldierk_water_garden, layout_basic, ebering_ecumenical_altar_webs,
          minmay_misc_feat_plants
D:2:      layout_basic, basic_altar, hangedman_decor_lopped
D:3:      layout_basic, old_standard_altar, minmay_gold_behind_fungi,
          grunt_ministairs_4, kennysheep_generic_room_15

Skill      XL: |  1  2  3  4 |
---------------+-------------+-----
Transmutations | 3 |  3.1
Spellcasting   | 3 |  3.0
Fighting       | |  1.8
Dodging        | |  1.7
Unarmed Combat | |  3.3

Action                   |  1- 3 |  4- 6 || total
-------------------------+-------+-------++-------
Melee: Unarmed           |   101 |    10 ||   111
       Punch             |     1 |       ||     1
       Tailslap          |    10 |     1 ||    11
       Kick              |     7 |     6 ||    13
       Headbutt          |     4 |       ||     4
Throw: Stone             |    93 |       ||    93
 Cast: Beastly Appendage |    10 |       ||    10
 Stab: Sleeping          |     1 |       ||     1
Armor: Skin              |    29 |     1 ||    30
Dodge: Dodged            |    62 |    14 ||    76
